 Dungeon Crawl Stone Soup version 0.27.1-34-g3ba077fa99 (webtiles) character file.

Game seed: 5569544639179160553

39 boopmooplesden the Shield-Bearer (level 3, -4/33 HPs)
             Began as a Minotaur Fighter on Jan 12, 2022.
             Slain by a gnoll (5 damage)
             ... on level 2 of the Dungeon.
             The game lasted 00:01:34 (1074 turns).

boopmooplesden the Shield-Bearer (Minotaur Fighter) Turns: 1074, Time: 00:01:34

Health: -4/33      AC:  7    Str: 21    XL:     3   Next: 26%
Magic:  2/2        EV:  7    Int:  5    God:
Gold:   49         SH:  9    Dex:  9    Spells: 2/2 levels left

rFire    + . .     SeeInvis .   a - +1 long sword (chaos)
rCold    . . .     Faith    .   c - +0 kite shield
rNeg     . . .     Spirit   .   b - +0 scale mail
rPois    .         Reflect  .   (helmet restricted)
rElec    .         Harm     .   (no cloak)
rCorr    .         Rampage  .   (no gloves)
Will     .....                  (no boots)
Stlth    ..........             (no amulet)
HPRegen  0.11/turn              e - ring of protection from fire
MPRegen  0.08/turn              (no ring)

@: no status effects
A: horns 2, retaliatory headbutt
a: no special abilities


You were on level 2 of the Dungeon.
You visited 1 branch of the dungeon, and saw 2 of its levels.

You collected 49 gold pieces.

Inventory:

Hand Weapons
 a - a +1 long sword of chaos (weapon)
Armour
 b - a +0 scale mail (worn)
 c - a +0 kite shield (worn)
Jewellery
 e - a ring of protection from fire (left hand)
Potions
 d - a potion of might
 k - 2 potions of haste


   Skills:
 + Level 4.1 Fighting
 + Level 3.0 Long Blades
 + Level 3.9 Armour
 + Level 4.4 Shields


You had 2 spell levels left.
You didn't know any spells.
Your spell library contained the following spells:

 Spells                   Type           Power      Damage    Failure   Level
 Beastly Appendage        Tmut           0%         N/A       99%         1
 Wereblood                Tmut           0%         N/A       100%        2
 Spider Form              Tmut/Pois      0%         N/A       100%        3


Dungeon Overview and Level Annotations

Branches:
Dungeon (2/15)

Altars:


Innate Abilities, Weirdness & Mutations

You have a pair of horns on your head.
You reflexively headbutt those who attack you in melee.


Message History

You kill the frilled lizard!
Things that are here:
a +0 club; a frilled lizard corpse; a goblin corpse A gnoll comes into view.
It is wielding a +0 whip of electrocution.
A gnoll is nearby!
A gnoll is nearby!
A gnoll comes into view. It is wielding a +0 whip.
A gnoll comes into view. It is wielding a +0 club.
Found a dagger.
The gnoll shouts!
You hear a shout!
You block the gnoll's attack.
A gnoll comes into view. It is wielding a +0 halberd.
You slash the gnoll!
The gnoll is almost dead.
You block the gnoll's attack. x2
You closely miss the gnoll.
The gnoll is almost dead.
The gnoll hits you but does no damage.
You are electrocuted!
Ouch! That really hurt!
You slash the gnoll!
You kill the gnoll!
The gnoll closely misses you. You furiously retaliate!
You headbutt the gnoll!
You riposte.
You barely miss the gnoll.
The gnoll is heavily wounded.
Your Long Blades skill increases to level 3!
You hit the gnoll but do no damage.
The gnoll is heavily wounded.
The gnoll hits you with a +0 club. You block the gnoll's attack. x2
The gnoll hits you from afar with a +0 halberd!
* * * LOW HITPOINT WARNING * * *
The gnoll hits you with a +0 whip.
* * * LOW HITPOINT WARNING * * *
As you read the scroll labelled BONTUMUHAN, it crumbles to dust.
It is a scroll of brand weapon.
Your +1 long sword erupts in a glittering mayhem of colour.
a - a +1 long sword of chaos (weapon)
The gnoll hits you with a +0 club.
* * * LOW HITPOINT WARNING * * *
The gnoll hits you from afar with a +0 halberd.
You die...

#........... #.########## #.# #
#.##########
#####################.........##
##...................#####.......
.....................# #.......
.........).....g.....#####.......
..)...........gg@............>..#
...............#####..#....#....#
...............# #.....##.#..###
################ #.....#........
#.....#..#...## #.....#.)#.<...
+.....#..#..### #.....#........
###.....(......


You could see 3 gnolls.

Vanquished Creatures
  A gnoll (D:2)
  3 bats (D:1)
  2 endoplasms
  3 goblins
  6 jackals
  2 quokkas
  2 ball pythons (D:1)
  3 frilled lizards
  3 kobolds (D:1)
  2 rats (D:1)
27 creatures vanquished.

Notes
Turn   | Place    | Note
-------+----------+-------------------------------------------
     0 | D:1      | boopmooplesden the Minotaur Fighter began the quest for the
                  | Orb.
     0 | D:1      | Reached XP level 1. HP: 19/19 MP: 0/0
   381 | D:1      | Reached XP level 2. HP: 25/27 MP: 1/1
  1048 | D:2      | Reached XP level 3. HP: 33/33 MP: 2/2
  1074 | D:2      | HP: 1/33 [gnoll (2)]
  1074 | D:2      | Slain by a gnoll

Illustrated notes

Levels and vault maps discovered:
D:1:      saegor_arrival_simple_c, layout_loops_corners, minmay_tetromino_i2
D:2:      layout_basic, basic_ecumenical_altar

Skill      XL: |  1  2  3 |
---------------+----------+-----
Shields        | 4 |  4.4
Fighting       | 4 |  4.1
Long Blades    | 3 |  3.0
Armour         | |  3.9

Action                   || total
-------------------------++-------
Melee: Long sword        ||    69
       Headbutt          ||     9
  Use: Scroll            ||     6
Armor: Scale mail        ||    45
Dodge: Dodged            ||    28
Block: Kite shield       ||    57
       Rpst.: Long sword ||     7
